 Dungeon Crawl Stone Soup version 0.27-a0-668-gb5737ff2c0 (webtiles) character file.

Game seed: 11157866493531370789

121 rageheart7 the Conjurer (level 4, -2/34 (36) HPs)
             Began as a Draconian Conjurer on Mar 17, 2021.
             Was an Initiate of Sif Muna.
             Slain by Crazy Yiuf
             ... wielding a +4 quarterstaff of chaos
              (10 damage)
             ... on level 2 of the Dungeon.
             The game lasted 00:03:34 (2249 turns).

rageheart7 the Conjurer (Draconian Conjurer)        Turns: 2249, Time: 00:03:35

HP:   -2/34 (36)    AC:  6    Str:  9    XL:     4   Next: 76%
MP:   2/8           EV: 12    Int: 19    God:    Sif Muna [......]
Gold: 89            SH:  5    Dex: 10    Spells: 7/8 levels left

rFire    . . .     SeeInvis .   f - +1 mace (protect)
rCold    . . .     Faith    .   (no shield)
rNeg     . . .     Spirit   .   (armour unavailable)
rPois    .         Reflect  +   (helmet restricted)
rElec    .         Harm     .   b - +0 cloak
rCorr    .         Rampage  .   (no gloves)
Will     .....                  (no boots)
Stlth    ++........             c - amulet of reflection
HPRegen  0.11/turn              (no ring)
MPRegen  0.11/turn              (no ring)

@: very slightly contaminated, drained
A: AC +5, unfitting armour, cold-blooded
a: Renounce Religion


You were on level 2 of the Dungeon.
You worshipped Sif Muna.
Sif Muna was noncommittal.
You visited 1 branch of the dungeon, and saw 2 of its levels.

You collected 89 gold pieces.

Inventory:

Hand Weapons
 f - a +1 mace of protection (weapon)
Armour
 b - a +0 cloak (worn)
Magical Staves
 d - a staff of earth
Jewellery
 c - an amulet of reflection (around neck)
Wands
 k - a wand of digging (7)
Scrolls
 a - a scroll of random uselessness {unknown}
 e - 2 scrolls of identify {unknown}
 h - a scroll of magic mapping {unknown}
Potions
 g - a potion of resistance {unknown}
 i - a potion of curing {unknown}
 j - a potion of lignification {unknown}


   Skills:
 * Level 1.7 Fighting
 - Level 0.2 Axes
 - Level 1.7 Dodging
 - Level 1.7 Stealth
 + Level 0.1 Shields
 * Level 2.7 Spellcasting
 + Level 5.4 Conjurations


You had 7 spell levels left.
You knew the following spells:

 Your Spells              Type           Power      Damage    Failure   Level
a - Magic Dart            Conj           92%        1d7       1%          1

Your spell library contained the following spells:

 Spells                   Type           Power      Damage    Failure   Level
 Searing Ray              Conj           46%        3d4       2%          2
 Dazzling Flash           Conj/Hex       24%        N/A       16%         3
 Confusing Touch          Hex            2%         N/A       43%         3
 Gell's Gravitas          Tloc           1%         N/A       43%         3
 Fulminant Prism          Conj/Hex       6%         3d7       45%         4
 Iskenderun's Mystic Bla  Conj/Tloc      12%        2d5       45%         4
 Petrify                  Tmut/Erth      2%         N/A       83%         4
 Metabolic Englaciation   Hex/Ice        1%         N/A       99%         5
 Yara's Violent Unravell  Hex/Tmut       1%         3d3       99%         5


Dungeon Overview and Level Annotations

Branches:
Dungeon (2/15)

Altars:
Sif Muna

Annotations:
D:2 Crazy Yiuf


Innate Abilities, Weirdness & Mutations

Your plain brown scales are hard. (AC +5)
You cannot fit into any form of body armour.
You are cold-blooded and may be slowed by cold attacks.


Message History

Crazy Yiuf hits you with a +4 quarterstaff of chaos!
You feel drained. You block Crazy Yiuf's attack.
Casting: Magic Dart (safe; 1% risk of failure)
Confirm with . or Enter, or press ? or * to list all spells.
Aiming: Magic Dart (safe; 1% risk of failure)
Press: ? - help, Shift-Dir - straight line, f/p - Crazy Yiuf
Aim: Crazy Yiuf, wielding a +4 quarterstaff of chaos and wearing a +0 cloak (lightly wounded, 0% to evade)
The magic dart hits Crazy Yiuf.
Crazy Yiuf is lightly wounded.
You feel yourself speed up.
Crazy Yiuf says, "Tosser!
Goldfish green sallow."
Crazy Yiuf closely misses you.
Casting: Magic Dart (safe; 1% risk of failure)
Confirm with . or Enter, or press ? or * to list all spells.
Aiming: Magic Dart (safe; 1% risk of failure)
Press: ? - help, Shift-Dir - straight line, f/p - Crazy Yiuf
Aim: Crazy Yiuf, wielding a +4 quarterstaff of chaos and wearing a +0 cloak (lightly wounded, 0% to evade)
The magic dart hits Crazy Yiuf.
Crazy Yiuf is moderately wounded.
Crazy Yiuf misses you.
Casting: Magic Dart (safe; 1% risk of failure)
Confirm with . or Enter, or press ? or * to list all spells.
Aiming: Magic Dart (safe; 1% risk of failure)
Press: ? - help, Shift-Dir - straight line, f/p - Crazy Yiuf
Aim: Crazy Yiuf, wielding a +4 quarterstaff of chaos and wearing a +0 cloak (moderately wounded, 0% to evade)
The magic dart hits Crazy Yiuf.
Crazy Yiuf is heavily wounded.
Crazy Yiuf hits you with a +4 quarterstaff of chaos!
* * * LOW HITPOINT WARNING * * *
Crazy Yiuf burns you.
* * * LOW HITPOINT WARNING * * *
Casting: Magic Dart (safe; 1% risk of failure)
Confirm with . or Enter, or press ? or * to list all spells.
Aiming: Magic Dart (safe; 1% risk of failure)
Press: ? - help, Shift-Dir - straight line, f/p - Crazy Yiuf
Aim: Crazy Yiuf, wielding a +4 quarterstaff of chaos and wearing a +0 cloak (heavily wounded, 0% to evade)
The magic dart hits Crazy Yiuf.
Crazy Yiuf is severely wounded.
Crazy Yiuf hits you with a +4 quarterstaff of chaos!
You die...

#### #..# #####
#..#### #).)#
#.....# #)))#
##.#.###### )))
##........## #g#
#........... #@##
#.........## ##)#
#....##.(.## #.##
#........... ##)#
#.........#.
##)##
#.(.........
##.P)#
#>..........
#..PP#
#...#.#.####
#+..'# #..##.#.#
#
#....###.....#.##
#


You could see Crazy Yiuf.

Vanquished Creatures
  Natasha (thrice) (D:2)
  An adder (D:2)
  A worm (D:2)
  2 dart slugs (D:1)
  A giant cockroach (D:1)
  3 goblins (D:1)
  5 hobgoblins
  2 jackals (D:1)
  3 kobolds (D:2)
  A quokka (D:2)
  2 ball pythons
  6 bats
  A frilled lizard (D:2)
  2 rats
33 creatures vanquished.

Notes
Turn   | Place    | Note
-------+----------+-------------------------------------------
     0 | D:1      | rageheart7 the Draconian Conjurer began the quest for the
                  | Orb.
     0 | D:1      | Reached XP level 1. HP: 14/14 MP: 3/3
   241 | D:1      | Reached XP level 2. HP: 19/22 MP: 1/5
   923 | D:2      | Found a runed translucent door.
   924 | D:2      | Noticed Crazy Yiuf
  1085 | D:2      | Reached XP level 3. HP: 21/27 MP: 6/6
  1160 | D:2      | Noticed Natasha
  1174 | D:2      | Killed Natasha
  1175 | D:2      | Reached skill level 1 in Fighting
  1353 | D:2      | Noticed Natasha
  1365 | D:2      | Killed Natasha
  1366 | D:2      | Reached skill level 5 in Conjurations
  1366 | D:2      | Reached XP level 4. HP: 8/35 MP: 1/7
  1896 | D:2      | Found a shimmering blue altar of Sif Muna.
  1939 | D:2      | Noticed Natasha
  1944 | D:2      | Killed Natasha
  2162 | D:2      | Became a worshipper of Sif Muna the Loreminder
  2249 | D:2      | Slain by Crazy Yiuf

Illustrated notes

Levels and vault maps discovered:
D:1:      matt_arrival_los_fun, layout_rooms
D:2:      layout_basic, serial_corexii_hall, corexii_hall_statues_x,
          chequers_hall_statues_corner_a, corexii_hall_statues_s,
          lemuel_blue_sif_altar, uniq_crazy_yiuf_cottage, uniq_natasha

Skill      XL: |  1  2  3 |
---------------+----------+-----
Fighting       | 1 |  1.7
Conjurations   | 5 |  5.4
Axes           | |  0.2
Dodging        | |  1.7
Stealth        | |  1.7
Shields        | |  0.1
Spellcasting   | |  2.7

Action                   |  1- 3 |  4- 6 || total
-------------------------+-------+-------++-------
Melee: Unarmed           |    14 |       ||    14
       Hand axe          |    34 |       ||    34
       Tailslap          |     7 |       ||     7
       Staff             |    21 |       ||    21
       Mace              |    22 |     9 ||    31
 Cast: Magic Dart        |    26 |    15 ||    41
 Stab: Sleeping          |     1 |       ||     1
Armor: Skin              |    44 |     7 ||    51
Dodge: Dodged            |    79 |     6 ||    85
Block: Other             |     8 |     1 ||     9

Table legend: (Time is in decaauts)
 A = Elapsed time spent in this place.
 B = Non-inter-level travel time spent in this place.
 C = Inter-level travel time spent in this place.
 D = Time resting spent in this place.
 E = Time spent auto-exploring this place.
 F = Levels seen in this place.
 G = Mean time per level.
                   A        B        C        D        E       F      G
               +--------+--------+--------+--------+--------+-----+--------+
         Total |   2274 |   2142 |    132 |    626 |   1198 |   2 | 1137.0 |
       Dungeon |   2274 |   2142 |    132 |    626 |   1198 |   2 | 1137.0 |
               +--------+--------+--------+--------+--------+-----+--------+

Top non-repeatable levels by time:
     D:2: 1443 daAuts
     D:1: 831 daAuts
